 Dungeon Crawl Stone Soup version 0.31.0-32-g396128a36d (webtiles) character file.

Game seed: 17140050635639720193

948 rychschax the Digger (level 8, -7/41 HPs)
             Began as a Gargoyle Earth Elementalist on Mar 22, 2024.
             Mangled by Edmund
             ... wielding a +1 heavy dire flail
              (13 damage)
             ... on level 4 of the Dungeon.
             The game lasted 00:19:06 (4421 turns).

rychschax the Digger (Gargoyle Earth Elementalist)  Turns: 4421, Time: 00:19:10

Health: -7/41      AC:  8    Str: 12    XL:     8   Next: 13%
Magic:  12/23      EV: 13    Int: 18    God:
Gold:   118        SH:  5    Dex: 13    Spells: 8/15 levels left

rFire   . . .        (no weapon)
rCold   . . .        (no shield)
rNeg    + . .        a - +1 robe
rPois   ∞            (no helmet)
rElec   +            (no cloak)
rCorr   .            (no gloves)
SInv    .            (no boots)
Will    .....        h - amulet of Hicroil {Reflect Dex+3 SH+5}
Stlth   +++          i - ring of magical power
HPRegen 0.26/turn    (no ring)
MPRegen 0.18/turn

%: reflection
@: very slightly contaminated
A: sickness immunity, AC +5, negative energy resistance 1, electricity
resistance, torment resistance 1, petrification resistance
a: no special abilities


You were on level 4 of the Dungeon.
You visited 1 branch of the dungeon, and saw 4 of its levels.

You collected 846 gold pieces.
You spent 728 gold pieces at shops.

Inventory:

Armour
 a - a +1 robe (worn)
Jewellery
 h - the amulet of Hicroil (around neck) {Reflect Dex+3 SH+5}
   (You acquired it on level 1 of the Dungeon)

   [amulet of reflection]

   Reflect:   It reflects blocked missile attacks.
   Dex+3:     It affects your dexterity (+3).
   SH+5:      It affects your SH (+5).
 i - a ring of magical power (left hand)
Scrolls
 b - a scroll of identify
 d - 3 scrolls of enchant weapon
 e - a scroll of teleportation
 f - a scroll of fog
 g - a scroll of torment
Potions
 c - a potion of brilliance
 j - a potion of might {unknown}
 k - a potion of heal wounds {unknown}
 l - a potion of haste {unknown}


   Skills:
 + Level 3.6 Dodging
 + Level 5.3 Stealth
 + Level 4.1 Spellcasting
 + Level 4.3 Conjurations
 + Level 6.0 Earth Magic


You had 8 spell levels left.
You knew the following spells:

 Your Spells              Type           Power      Damage    Failure   Level
a - Sandblast             Erth           50%        2d12      1%          1
b - Passwall              Erth           25%        N/A       3%          3
c - Stone Arrow           Conj/Erth      44%        3d9       4%          3

Your spell library contained the following spells:

 Spells                   Type           Power      Damage    Failure   Level
 Sting                    Conj/Alch      44%        1d5       6%          1
 Apportation              Tloc           6%         N/A       14%         1
 Brom's Barrelling Bould  Conj/Erth      22%        2d4       17%         4
 Hailstorm                Conj/Ice       11%        3d6       19%         3
 Jinxbite                 Hex            6%         N/A       22%         2
 Petrify                  Alch/Erth      14%        N/A       38%         4
 Summon Ice Beast         Ice/Summ       3%         N/A       41%         3
 Alistair's Intoxication  Alch           2%         N/A       99%         5
 Sculpt Simulacrum        Ice/Alch       1%         N/A       100%        6


Dungeon Overview and Level Annotations

Branches:
Dungeon (4/15)
 Temple: D:4-7

Altars:
Gozag
Ru
Yredelemnul
The Shining One

Shops:
D:1 ?   D:3 (   D:4 ![

Annotations:
D:4 Edmund


Innate Abilities, Weirdness & Mutations

You are immune to sickness and miasma.
Your stone body is resilient. (AC +5)
You are immune to poison.
You resist negative energy. (rN+)
You are resistant to electric shocks. (rElec)
You are resistant to unholy torment.
You are immune to petrification.


Message History

There is an entrance to Pohizo's Antique Armour Shoppe here.
Things that are here:
a +0 falchion; a +0 leather armour
There is a stone staircase leading up here.
Edmund the Younger comes into view.
He is wielding a +1 heavy dire flail.
Edmund shouts!
You miscast Sandblast.
You are very lightly contaminated with residual magic.
Nothing appears to happen.
The blast of sand hits Edmund but does no damage.
The blast of sand hits Edmund.
Edmund is lightly wounded.
Edmund hits you with a +1 heavy dire flail!!
Ouch! That really hurt!
You are too injured to fight recklessly!
Casting: Sandblast (safe; 1% risk of failure)
Confirm with . or Enter, or press ? or * to list all spells.
Aiming: Stone Arrow (dangerous; 4% risk of failure)
Press: ? - help, Shift-Dir - straight line, f/p - Edmund
Aim: Edmund, wielding a +1 heavy dire flail and wearing a +0 ring mail (lightly wounded, 75% to hit)
The stone arrow misses Edmund.
Edmund hits you with a +1 heavy dire flail!
* * * LOW HITPOINT WARNING * * *
Casting: Stone Arrow (dangerous; 4% risk of failure)
Confirm with . or Enter, or press ? or * to list all spells.
Aiming: Stone Arrow (dangerous; 4% risk of failure)
Press: ? - help, Shift-Dir - straight line, f/p - Edmund
Aim: Edmund, wielding a +1 heavy dire flail and wearing a +0 ring mail (lightly wounded, 75% to hit)
The stone arrow hits Edmund!
Edmund is heavily wounded.
Casting: Stone Arrow (dangerous; 4% risk of failure)
Confirm with . or Enter, or press ? or * to list all spells.
Aiming: Stone Arrow (dangerous; 4% risk of failure)
Press: ? - help, Shift-Dir - straight line, f/p - Edmund
Aim: Edmund, wielding a +1 heavy dire flail and wearing a +0 ring mail (heavily wounded, 75% to hit)
The stone arrow hits Edmund!
Edmund is severely wounded.
Edmund hits you with a +1 heavy dire flail!
You die...
Edmund says, "That'll show my brother!"

########### ......@@..# #####
######.########.####†..# #....#
#.#....#.####### #....#
#.#..........).. #....#
.#####.#......#<#.### ####....#
#................#≈≈≈≈
........#########.##.##.#...#≈∩..
###.........# #.##.#......#≈≈≈≈
.....##.###.# #.#......)....###


You could see Edmund.

Vanquished Creatures
  Sigmund (D:2)
  Eustachio (D:4)
  An ogre (D:4)
  A black bear (D:4)
  A scorpion (D:3)
  A bombardier beetle (D:4)
  4 orc priests
  2 iguanas
  Natasha (D:2)
  An orc wizard (D:4)
  5 adders
  4 ribbon worms
  8 orcs
  11 endoplasms
  2 giant cockroaches (D:1)
  8 goblins
  7 hobgoblins
  7 jackals (D:4)
  8 quokkas
  4 ball pythons
  5 bats
  6 frilled lizards
  10 kobolds
  8 rats
107 creatures vanquished.

Notes
Turn   | Place    | Note
-------+----------+-------------------------------------------
     0 | D:1      | rychschax the Gargoyle Earth Elementalist began the quest
                  | for the Orb.
     0 | D:1      | Reached XP level 1. HP: 10/10 MP: 3/3
   109 | D:1      | Reached XP level 2. HP: 15/15 MP: 3/5
   363 | D:1      | Found Juhuf's Magic Scroll Shoppe.
   491 | D:1      | Reached XP level 3. HP: 19/19 MP: 2/6
   569 | D:1      | Reached skill level 4 in Earth Magic
   739 | D:1      | Identified a scroll of acquirement
   739 | D:1      | Acquired 634 gold pieces
   917 | D:2      | Noticed Sigmund
   923 | D:2      | Killed Sigmund
   924 | D:2      | Reached XP level 4. HP: 17/24 MP: 1/8
   924 | D:2      | Reached XP level 5. HP: 20/28 MP: 1/9
  1114 | D:2      | Reached XP level 6. HP: 32/32 MP: 7/10
  1297 | D:2      | Noticed Natasha
  1300 | D:2      | Killed Natasha
  2028 | D:1      | Bought a scroll of acquirement for 728 gold pieces
  2029 | D:1      | Acquired the amulet of Hicroil {Reflect Dex+3 SH+5}
  2237 | D:3      | Found a faded altar of an unknown god.
  2266 | D:3      | Got Plato's Vademecum on Intoxication
  2370 | D:3      | Reached skill level 5 in Earth Magic
  2473 | D:3      | Found an opulent altar of Gozag.
  2529 | D:3      | Found a glowing golden altar of the Shining One.
  2753 | D:3      | Found a basalt altar of Yredelemnul.
  2899 | D:3      | Found Cythrim's Antique Weapon Shoppe.
  3180 | D:3      | Learned a level 3 spell: Passwall
  3305 | D:4      | Reached XP level 7. HP: 8/36 MP: 12/12
  3582 | D:4      | Found a sacrificial altar of Ru.
  3776 | D:4      | Identified the +7 short sword "Goofiw" {freeze, rC- Dex+6}
  3851 | D:4      | Found Gennoha's Distillery.
  4086 | D:4      | Reached skill level 5 in Stealth
  4351 | D:4      | Noticed Eustachio
  4353 | D:4      | Found Pohizo's Antique Armour Shoppe.
  4357 | D:4      | Killed Eustachio
  4358 | D:4      | Reached skill level 6 in Earth Magic
  4358 | D:4      | Reached XP level 8. HP: 41/41 MP: 14/14
  4362 | D:4      | Learned a level 3 spell: Stone Arrow
  4414 | D:4      | Noticed Edmund
  4421 | D:4      | Mangled by Edmund

Illustrated notes

Levels and vault maps discovered:
D:1:      ebering_hopf_link, layout_basic, serial_shops, nicolae_shop_trees
D:2:      layout_basic, uniq_natasha, uniq_sigmund
D:3:      layout_basic, general_overflow_altar, tso_metal_star,
          yredelemnul_altar_generic, shapermc_ecumenical_altar_rom_forum,
          serial_shops, shop
D:4:      layout_basic, mainiacjoe_overflow_six_doors_small, serial_shops,
          nicolae_shop_peninsula, nicolae_lakefront_shop,
          kennysheep_decorative_pillar, grunt_decor_one_mirror, uniq_edmund,
          uniq_eustachio

Skill      XL: |  1  2  3  4  5  6  7 |
---------------+----------------------+-----
Earth Magic    | 4 5 6 |  6.0
Dodging        | 2 3 |  3.6
Stealth        | 3 4 5 |  5.3
Spellcasting   | 3 4 |  4.1
Conjurations   | 2 3 4 |  4.3

Action                     |  1- 3 |  4- 6 |  7- 9 || total
---------------------------+-------+-------+-------++-------
  Melee: Unarmed           |    10 |     1 |       ||    11
   Cast: Sandblast         |    44 |    85 |    67 ||   196
         Stone Arrow       |       |       |     3 ||     3
    Use: Scroll            |     4 |     9 |       ||    13
         Potion            |     3 |     1 |       ||     4
 Armour: Robe              |     8 |    32 |    25 ||    65
  Dodge: Dodged            |    17 |    12 |    20 ||    49
  Block: Other             |       |     5 |     7 ||    12
